 Dungeon Crawl Stone Soup version 0.25-a0-424-g80bd347ae0 (webtiles) character file.

Game seed: 1118327786805976466, levelgen mode: deterministic

18076 Nattfarinn the Summoner (level 12, -2/67 HPs)
             Began as a Tengu Summoner on Jan 23, 2020.
             Was a Priest of Hepliaklqana.
             Slain by a komodo dragon (26 damage)
             ... on level 1 of the Lair of Beasts.
             The game lasted 01:00:14 (17968 turns).

Nattfarinn the Summoner (Tengu Summoner)           Turns: 17968, Time: 01:00:17

Health: -2/67      AC: 14    Str: 13    XL:     12   Next: 54%
Magic:  16/29      EV: 22    Int: 20    God:    Hepliaklqana [***...]
Gold:   760        SH:  0    Dex: 14    Spells: 6/20 levels left

rFire    . . .     SeeInvis .   a - +5 dagger (venom)
rCold    + . .     Gourm    +   (no shield)
rNeg     . . .     Faith    .   E - +2 steam dragon scales
rPois    +         Spirit   .   H - +1 hat
rElec    .         Reflect  .   w - +1 cloak of the Duke {+Fly rC+ Int+3}
rCorr    .         Harm     .   A - +0 pair of gloves
MR       .....                  (boots unavailable)
Stlth    ++........             v - amulet of the gourmand
HPRegen  0.21/turn              x - ring of poison resistance
MPRegen  0.21/turn              k - ring of magical power

@: frozen, flying quickly and evasively, studying Stealth, slow
A: reduced essence, beak, talons 3, able to fly
a: Stop Flying, Recall Ancestor, Ancestor Identity, Transference, Renounce
Religion


You were on level 1 of the Lair of Beasts.
You worshipped Hepliaklqana.
Hepliaklqana was most pleased with you.
You were not hungry.

You visited 3 branches of the dungeon, and saw 15 of its levels.
You also visited: Bailey.

You collected 760 gold pieces.

Inventory:

Hand Weapons
 a - a +5 dagger of venom (weapon)
Armour
 h - a +0 robe
 l - +0 acid dragon scales
 w - the +1 cloak of the Duke (worn) {+Fly rC+ Int+3}
   (You found it on level 5 of the Dungeon)

   It affects your intelligence (+3).
   It protects you from cold.
   It lets you fly.
 A - a +0 pair of gloves (worn)
 E - +2 steam dragon scales (worn)
 H - a +1 hat (worn)
Magical Staves
 b - an uncursed staff of wizardry
Jewellery
 i - an uncursed ring of fire
 k - a ring of magical power (right hand)
 v - an amulet of the gourmand (around neck)
 x - a ring of poison resistance (left hand)
 y - an uncursed amulet of magic regeneration
Wands
 j - a wand of paralysis (10)
 n - a wand of flame (18)
 q - a wand of digging (4)
 D - a wand of polymorph (5)
Scrolls
 d - 3 scrolls of magic mapping
 f - a scroll of vulnerability {unknown}
 o - 6 scrolls of remove curse
 s - a scroll of teleportation
 J - a scroll of immolation {unknown}
 K - a scroll of amnesia {unknown}
 L - a scroll of fog
 M - a scroll of acquirement {unknown}
Potions
 e - 5 potions of curing
 g - 2 potions of cancellation {unknown}
 m - 2 potions of degeneration {unknown}
 p - a potion of might {unknown}
 r - 2 potions of haste {unknown}
 t - 2 potions of flight {unknown}
 u - a potion of ambrosia {unknown}
 z - 3 potions of magic
 C - a potion of heal wounds
 G - a potion of invisibility {unknown}
Books
 I - a manual of Stealth
Miscellaneous
 F - a lightning rod (4/4)
Comestibles
 c - 33 rations


   Skills:
 + Level 8.8 Fighting
 + Level 9.6 Armour
 + Level 9.9 Dodging
 - Level 2.0 Stealth
 - Level 4.9 Spellcasting
 * Level 14.9 Summonings
 - Level 1.7 Air Magic


You had 6 spell levels left.
You knew the following spells:

 Your Spells              Type           Power        Failure   Level  Hunger
a - Summon Small Mammal   Summ           ####         1%          1    None
b - Call Imp              Summ           ######..     1%          2    #......
c - Call Canine Familiar  Summ           ######..     1%          3    ##.....
d - Summon Lightning Spi  Summ/Air       #####...     3%          4    ####...
e - Summon Ice Beast      Ice/Summ       ####....     5%          4    ####...

Your spell library contained the following spells:

 Spells                   Type           Power        Failure   Level  Hunger
 Summon Guardian Golem    Hex/Summ       ####....     1%          3    ##.....
 Animate Skeleton         Necr           N/A          12%         1    None
 Beastly Appendage        Tmut           #.....       12%         1    None
 Corona                   Hex            #......      12%         1    None
 Foxfire                  Conj/Fire      #...         12%         1    None
 Pain                     Necr           #...         12%         1    None
 Sandblast                Erth           #.....       12%         1    None
 Ensorcelled Hibernation  Hex/Ice        #.....       19%         2    #......
 Passwall                 Tmut/Erth      #.......     19%         2    #......
 Sticks to Snakes         Tmut           #.......     19%         2    #......
 Confusing Touch          Hex            #.......     34%         3    ##.....
 Conjure Flame            Conj/Fire      #.......     34%         3    ##.....
 Dazzling Flash           Conj/Hex       #.....       34%         3    ##.....
 Inner Flame              Hex/Fire       #.......     34%         3    ##.....
 Spider Form              Tmut/Pois      #.........   34%         3    ##.....
 Stone Arrow              Conj/Erth      #.....       34%         3    ##.....
 Tukima's Dance           Hex            #.......     34%         3    ##.....
 Vampiric Draining        Necr           #.........   34%         3    ##.....
 Animate Dead             Necr           N/A          75%         4    ####...
 Ice Form                 Ice/Tmut       #.......     75%         4    ####...
 Petrify                  Tmut/Erth      #.......     75%         4    ####...
 Sticky Flame             Conj/Fire      #.......     75%         4    ####...
 Agony                    Necr           #.......     97%         5    ######.
 Blade Hands              Tmut           #.........   97%         5    ######.
 Fireball                 Conj/Fire      #.........   97%         5    ######.
 Lee's Rapid Deconstruct  Erth           #.........   97%         5    ######.


Dungeon Overview and Level Annotations

Branches:
Dungeon (13/15)            Temple (1/1) D:7            Lair (1/6) D:9
    Orc (0/2) D:10         Bailey (visited)
 Vaults: D:13-14

Altars:
Ashenzari
Cheibriados
Elyvilon
Fedhas
Gozag
Hepliaklqana
Kikubaaqudgha
Makhleb
Nemelex Xobeh
Qazlal
Ru
Sif Muna
Trog
Uskayaw
Vehumet
Wu Jian
Xom
Yredelemnul
Zin

Shops:
D:12 [

Portals:
Abyss: D:4

Annotations:
D:4 2 transporters, beef's ghost, amateur MfIE
D:11 2 transporters, TimeIsEndless's ghost, journeyman GnFi


Innate Abilities, Weirdness & Mutations

You have a beak for a mouth.
You have claws for feet.
You can fly continuously.
Your life essence is reduced to manifest your ancestor. (-10% HP)


Message History

The rime drake breathes ice at you. The flash freeze hits you!
You partially resist.
You are encased in ice.
Your ice beast misses the rime drake.
The komodo dragon bites you but does no damage.
Unknown command.
Your ice beast completely misses the rime drake.
Your ice beast barely misses the komodo dragon.
Your lightning spire shoots out a bolt of lightning at the rime drake!
The bolt of electricity hits the rime drake!
The rime drake dies!
The bolt of electricity hits the komodo dragon!
Unknown command.
You hit the komodo dragon.
The komodo dragon is poisoned.
The komodo dragon is moderately wounded.
Your lightning spire disappears in a puff of smoke!
Your ice beast hits the komodo dragon.
Your ice beast freezes the komodo dragon!
The komodo dragon bites you!!
You die...

.#.......#..## ##.P#
<#....(..#...
......##P.##
.#.......#..###.....###.#
.#.......#..# ......###.#
.........P..# .....##..#
............# .....###.#
.#. #.. ##.##.# #.# .#.
P#..# #..##.# #.## ....
.....###@##.###..#
........l........#
.....ยง..YY......##
................#
.......[........#
.......#.###....#
....../#......#.#
.......#......#.#
..?....#......#.#


You could see a komodo dragon and 2 friendly ice beasts.

Vanquished Creatures
  2 two-headed ogres
  A centaur warrior (D:10)
  4 centaur skeletons
  Maggie (D:8)
  3 hippogriffs
  6 yaks
  2 wyverns
  A human (D:8)
  3 hogs (D:8)
  4 vampire mosquitoes
  An acid dragon (D:12)
  A water moccasin (D:10)
  2 orc warriors
  An ice beast (D:7)
  A sky beast (D:11)
  A phantom (D:9)
  An ogre (D:11)
  A necrophage (D:9)
  An eye of draining (D:9)
  6 centaurs
  A crocodile (Lair:1)
  2 big kobolds (D:8)
  4 bullfrogs
  A wyvern skeleton (D:10)
  3 scorpions
  2 killer bees (D:5)
  A wight (D:11)
  3 howler monkeys
  5 crimson imps
  3 centaur zombies
  6 hounds
  A quasit (D:9)
  4 bullfrog zombies
  3 bullfrog skeletons
  An orc priest (D:9)
  4 orc wizards
  Jessica (D:2)
  An iguana (D:6)
  Terence (D:3)
  11 worker ants
  A killer bee zombie (D:7)
  4 hound zombies
  2 hound skeletons
  3 worker ant zombies
  A gnoll (D:9)
  6 adders
  A shadow imp (D:7)
  3 adder zombies
  3 worms
  3 dart slugs
  4 leopard geckos
  28 orcs
  6 giant cockroaches
  11 goblins
  5 hobgoblins
  18 jackals
  18 kobolds
  5 quokkas
  A ball python (D:2)
  7 bats
  3 frilled lizards
  3 rats
  A fungus (D:12)
238 creatures vanquished.

Vanquished Creatures (collateral kills)
  Erica (D:11)
  A centaur warrior (D:13)
  3 two-headed ogres
  Nergalle (D:12)
  An unseen horror (D:11)
  A centaur zombie (D:13)
  A rime drake (Lair:1)
  A komodo dragon (D:11)
  2 trolls (D:11)
  9 slime creatures
  Sigmund (D:2)
  A hog (D:8)
  A vampire mosquito (D:12)
  2 acid dragons
  A black bear (D:10)
  An ice beast (D:8)
  A necrophage (D:11)
  4 phantoms
  15 orc warriors
  2 ogres (D:8)
  11 centaurs
  3 crocodiles
  A big kobold (D:11)
  2 bullfrogs
  A gnoll sergeant (D:9)
  A wyvern skeleton (D:12)
  6 killer bees
  27 wights
  3 howler monkeys (D:12)
  2 crimson imps (D:12)
  A quasit (D:9)
  A bullfrog skeleton (D:8)
  2 centaur skeletons
  2 jellies
  6 orc priests
  10 orc wizards
  An iguana (D:9)
  2 worker ants
  A hound zombie (D:4)
  A worker ant zombie (D:4)
  2 gnolls (D:9)
  5 adders
  3 shadow imps
  An adder skeleton (D:8)
  2 adder zombies
  A dart slug (D:2)
  2 leopard geckos
  35 orcs
  3 jackals
  2 quokkas
  A bat (D:2)
  A jackal skeleton (D:4)
  7 kobolds
  A leopard gecko zombie (D:5)
  A quokka zombie (D:4)
  A rat (D:2)
202 creatures vanquished.

Vanquished Creatures (others)
  8 hexers
  An orc wizard (D:5)
  2 ancestors (D:7)
11 creatures vanquished.

Grand Total: 451 creatures vanquished

Notes
Turn   | Place    | Note
-------+----------+-------------------------------------------
     0 | D:1      | Nattfarinn the Tengu Summoner began the quest for the Orb.
     0 | D:1      | Reached XP level 1. HP: 10/10 MP: 4/4
   326 | D:1      | Reached skill level 5 in Summonings
   326 | D:1      | Reached XP level 2. HP: 7/16 MP: 6/6
  1017 | D:2      | Reached skill level 1 in Armour
  1021 | D:2      | Reached XP level 3. HP: 11/20 MP: 5/7
  1840 | D:2      | Reached skill level 1 in Fighting
  1856 | D:2      | Noticed Sigmund
  1861 | D:2      | Learned a level 2 spell: Call Imp
  1879 | D:2      | Killed Sigmund
  1879 | D:2      | Reached XP level 4. HP: 15/25 MP: 1/8
  1879 | D:2      | Gained mutation: You can fly continuously. [Tengu growth]
  1879 | D:2      | Reached XP level 5. HP: 18/29 MP: 1/9
  2049 | D:2      | Noticed Jessica
  2058 | D:2      | Killed Jessica
  2058 | D:2      | Reached skill level 6 in Summonings
  2228 | D:2      | Found a stormy altar of Qazlal.
  2242 | D:2      | Found an ornate altar of the Wu Jian Council.
  2256 | D:2      | Found a sparkling altar of Nemelex Xobeh.
  2259 | D:2      | Found a radiant altar of Vehumet.
  3668 | D:3      | Reached XP level 6. HP: 34/35 MP: 11/11
  3764 | D:3      | Noticed Terence
  3903 | D:3      | Killed Terence
  4511 | D:4      | Learned a level 3 spell: Call Canine Familiar
  4659 | D:4      | Reached XP level 7. HP: 37/40 MP: 6/12
  4660 | D:4      | Reached skill level 7 in Summonings
  5014 | D:4      | Found a burning altar of Makhleb.
  5133 | D:4      | Found a transporter.
  5134 | D:4      | Found a one-way gate to the infinite horrors of the Abyss.
  5134 | D:4      | Noticed beef's ghost (amateur MfIE)
  5257 | D:4      | Noticed an ancient zyme
  5327 | D:4      | Found a transporter.
  5376 | D:5      | Entered Level 5 of the Dungeon
  5578 | D:5      | Got a bloodstained cloak
  5584 | D:5      | Identified the +1 cloak of the Duke {+Fly rC+ Int+3} (You
                  | found it on level 5 of the Dungeon)
  5803 | D:5      | Reached XP level 8. HP: 28/46 MP: 10/14
  5976 | D:5      | Learned a level 4 spell: Summon Lightning Spire
  6035 | D:5      | Reached skill level 8 in Summonings
  6379 | D:5      | Reached skill level 1 in Air Magic
  6506 | D:6      | Found an opulent altar of Gozag.
  7643 | D:7      | Reached skill level 5 in Dodging
  7993 | D:7      | Reached skill level 9 in Summonings
  8066 | D:7      | Found a staircase to the Ecumenical Temple.
  8073 | Temple   | Entered the Ecumenical Temple
  8098 | Temple   | Became a worshipper of Hepliaklqana the Forgotten
  8315 | D:7      | Reached XP level 9. HP: 35/46 MP: 14/16
  8816 | D:8      | Reached skill level 5 in Armour
  9040 | D:8      | Found a snail-covered altar of Cheibriados.
  9042 | D:8      | Found a shattered altar of Ashenzari.
  9043 | D:8      | Found a bloodstained altar of Trog.
  9159 | D:8      | Reached skill level 10 in Summonings
  9198 | D:8      | Reached * piety under Hepliaklqana
  9227 | D:8      | Noticed a two-headed ogre
  9244 | D:8      | Killed a two-headed ogre
  9244 | D:8      | Reached skill level 5 in Fighting
  9462 | D:8      | Noticed Maggie
  9487 | D:8      | Killed Maggie
  9711 | D:8      | Found a hazy altar of Hepliaklqana.
  9782 | D:8      | Reached XP level 10. HP: 35/53 MP: 18/18
  9792 | D:8      | Reached skill level 11 in Summonings
 10015 | D:9      | Found a staircase to the Lair.
 10991 | D:9      | Found a shimmering altar of Xom.
 11614 | D:10     | Entered Level 10 of the Dungeon
 11680 | D:10     | Reached skill level 12 in Summonings
 11755 | D:10     | Noticed a centaur warrior
 11773 | D:10     | Killed a centaur warrior
 11943 | D:10     | Reached ** piety under Hepliaklqana
 11944 | D:10     | Remembered your ancestor Nenetl as a hexer
 12101 | D:10     | Reached XP level 11. HP: 58/59 MP: 19/19
 12149 | D:10     | Noticed a two-headed ogre
 12163 | D:10     | Killed a two-headed ogre
 12622 | D:10     | Found a staircase to the Orcish Mines.
 12890 | D:11     | Reached skill level 13 in Summonings
 13214 | D:11     | Reached *** piety under Hepliaklqana
 13251 | D:11     | Found a transporter.
 13255 | D:11     | Found a transporter.
 13255 | D:11     | Noticed TimeIsEndless's ghost (journeyman GnFi)
 13272 | D:11     | Noticed Erica
 13292 | D:11     | Killed Erica
 13631 | D:11     | Learned a level 4 spell: Summon Ice Beast
 13761 | D:12     | Found a flagged portal.
 13775 | Bailey   | Entered a bailey
 15218 | D:12     | Noticed Nergalle
 15686 | D:12     | Noticed a two-headed ogre
 15686 | D:12     | Noticed a two-headed ogre
 15693 | D:12     | Killed a two-headed ogre
 15697 | D:12     | Killed a two-headed ogre
 15813 | D:12     | Reached skill level 14 in Summonings
 15884 | D:12     | Noticed a two-headed ogre
 15910 | D:12     | Reached XP level 12. HP: 23/65 MP: 6/20
 16170 | D:12     | Killed Nergalle
 16257 | D:12     | Killed a two-headed ogre
 16472 | D:12     | Found Ginasida's Armour Emporium.
 16807 | D:12     | Found a white marble altar of Elyvilon.
 16888 | D:13     | Noticed a centaur warrior
 16895 | D:13     | Killed a centaur warrior
 17254 | D:13     | Noticed a vault guard
 17257 | D:13     | Noticed a vault guard
 17261 | D:13     | Noticed a vault guard
 17904 | Lair:1   | Entered Level 1 of the Lair of Beasts
 17968 | Lair:1   | Slain by a komodo dragon

Levels and vault maps discovered:
D:1:      minmay_arrival_up_and_down, layout_loops_ring
D:2:      minmay_razor_zed, layout_basic, grunt_temple_overflow_cloverleaf,
          grunt_decor_arrowhead, uniq_sigmund, uniq_jessica
D:3:      layout_basic, uniq_terence
D:4:      layout_rooms, lemuel_round_altar, gammafunk_ghost_abyssal_escape,
          serial_undead, serial_undead_a, serial_undead_c, serial_undead_f,
          serial_undead_e, minmay_misc_feat_room
D:5:      layout_loops_ring, first_ration, small_statue_intersection
D:6:      layout_basic, grunt_gozag_breadcrumbs
D:7:      layout_gridville, minmay_temple_entry_nine_rooms
D:8:      layout_loops_ring, grunt_temple_overflow_open, basic_altar,
          grunt_livestock, uniq_maggie
D:9:      layout_stronghold, nicolae_overflow_hidden_temple, david_lair_generic
D:10:     layout_roguey, orc_0_dummy, grunt_ministairs_8
D:11:     layout_loops_ring, gammafunk_ghost_hive, uniq_erica
D:12:     layout_rooms, serial_shops,
          nicolae_shop_temple_entry_statues_fountains, enter_bailey_2,
          elyvilon_altar_1, uniq_nergalle
D:13:     layout_basic, erik_vaults_2, serial_shops, shop, uniq_erolcha,
          uniq_josephine, uniq_snorg
Temple:   nicolae_temple_hex_pool
Lair:1:   layout_regular_city

Skill      XL: |  1  2  3  4  5  6  7  8  9 10 11 12 |
---------------+-------------------------------------+-----
Summonings     | 5 6 7 9 10 12 14 | 14.9
Armour         | 1 2 3 4 6 7 8 9 |  9.6
Fighting       | 1 2 3 4 5 6 8 |  8.8
Dodging        | 3 4 5 6 7 9 |  9.9
Spellcasting   | 3 4 |  4.9
Air Magic      | 1 |  1.7
Stealth        | |  2.0

Action                   |  1- 3 |  4- 6 |  7- 9 | 10-12 || total
-------------------------+-------+-------+-------+-------++-------
Melee: Unarmed           |     7 |       |       |       ||     7
       Short sword       |    67 |       |       |       ||    67
       Kick              |    15 |    34 |    96 |   173 ||   318
       Peck              |     6 |    18 |    56 |   108 ||   188
       Dagger            |     5 |   139 |   320 |   513 ||   977
       Staff             |       |       |     1 |       ||     1
 Cast: Summon Small Mamm |     4 |     1 |       |       ||     5
       Call Imp          |     3 |    12 |    19 |     7 ||    41
       Call Canine Famil |       |     3 |    19 |    31 ||    53
       Summon Lightning  |       |       |    16 |    57 ||    73
       Summon Ice Beast  |       |       |       |    29 ||    29
Invok: Recall Ancestor   |       |       |       |     7 ||     7
       Ancestor Life: He |       |       |       |     1 ||     1
 Abil: Fly               |       |     1 |       |       ||     1
  Use: Scroll            |       |       |    12 |    17 ||    29
       Potion            |       |       |     1 |     5 ||     6
 Stab: Sleeping          |     3 |     7 |     6 |     7 ||    23
       Distracted        |       |       |     3 |     5 ||     8
       Confused          |       |       |       |     1 ||     1
  Eat: Chunk             |     2 |    11 |    17 |    34 ||    64
       Ration            |       |       |     1 |     2 ||     3
Armor: Robe              |     7 |    17 |    32 |       ||    56
       Steam dragon scal |       |       |     6 |   121 ||   127
Dodge: Dodged            |    46 |   115 |   241 |   595 ||   997

Table legend:
 A = Non-vault XP
 B = Vault XP
 C = Vault XP percentage of total XP
 D = Non-vault monster count
 E = Vault monster count
 F = Vault count percentage of total count
                 A         B        C        D         E       F
            +---------+---------+-------+---------+---------+-------
      Total |   20646 |    5178 |  20.1 |     354 |      86 |  19.5
            +---------+---------+-------+---------+---------+-------
        D:1 |      25 |       0 |   0.0 |      13 |       0 |   0.0
        D:2 |      56 |     172 |  75.4 |      29 |      15 |  34.1
        D:3 |      72 |      31 |  30.1 |      24 |       1 |   4.0
        D:4 |     396 |     212 |  34.9 |      16 |      13 |  44.8
        D:5 |     522 |       0 |   0.0 |      25 |       0 |   0.0
        D:6 |     207 |       0 |   0.0 |      11 |       0 |   0.0
        D:7 |     933 |       0 |   0.0 |      29 |       0 |   0.0
        D:8 |    1676 |    1222 |  42.2 |      35 |       6 |  14.6
        D:9 |    1779 |     434 |  19.6 |      49 |       4 |   7.5
       D:10 |    3579 |     320 |   8.2 |      19 |       6 |  24.0
       D:11 |    2973 |     743 |  20.0 |      37 |       1 |   2.6
       D:12 |    5656 |     549 |   8.8 |      56 |       1 |   1.8
       D:13 |    2424 |       0 |   0.0 |       9 |       0 |   0.0
     Lair:1 |     348 |       0 |   0.0 |       2 |       0 |   0.0
     Bailey |       0 |    1495 | 100.0 |       0 |      39 | 100.0
            +---------+---------+-------+---------+---------+-------
